 Dungeon Crawl Stone Soup version 0.28.0-49-g6dfe1f597d (webtiles) character file.

Game seed: 5168367059002807197

6 Descartes the Grasshopper (level 2, -1/22 HPs)
             Began as a Formicid Warper on May 15, 2022.
             Slain by a gnoll
             ... wielding a +0 spear
              (5 damage)
             ... on level 1 of the Dungeon.
             The game lasted 00:01:05 (315 turns).

Descartes the Grasshopper (Formicid Warper)          Turns: 315, Time: 00:01:05

Health: -1/22      AC:  3    Str: 15    XL:     2   Next: 0%
Magic:  5/5        EV: 11    Int: 12    God:
Gold:   20         SH:  0    Dex: 10    Spells: 5/5 levels left

rFire   . . .      SeeInvis +   a - +0 hand axe
rCold   . . .      Faith    .   (no shield)
rNeg    . . .      Spirit   .   b - +0 leather armour
rPois   .          Reflect  .   (helmet unavailable)
rElec   .          Harm     .   (no cloak)
rCorr   .          Rampage  .   (no gloves)
Will    .....                   (no boots)
Stlth   +.........              (no amulet)
HPRegen 0.07/turn               (no ring)
MPRegen 0.09/turn               (no ring)

@: no status effects
A: permanent stasis, dig shafts and tunnels, antennae 3, four strong arms
a: Dig, Shaft Self


You were on level 1 of the Dungeon.
You visited 1 branch of the dungeon, and saw 1 of its levels.

You collected 20 gold pieces.

Inventory:

Hand Weapons
 a - a +0 hand axe (weapon)
Missiles
 c - 5 boomerangs of dispersal (quivered)
Armour
 b - a +0 leather armour (worn)
Scrolls
 d - a scroll of holy word {unknown}


   Skills:
 + Level 2.2 Fighting
 + Level 2.0 Axes
 + Level 1.1 Throwing
 + Level 1.2 Armour
 + Level 1.9 Dodging
 + Level 2.2 Spellcasting
 + Level 2.7 Translocations


You had 5 spell levels left.
You didn't know any spells.
Your spell library contained the following spells:

 Spells                   Type           Power      Damage    Failure   Level
 Gell's Gravitas          Tloc           8%         N/A       30%         3
 Lesser Beckoning         Tloc           8%         N/A       30%         3
 Teleport Other           Tloc           8%         N/A       30%         3
 Manifold Assault         Tloc           8%         N/A       96%         5
 Blink                    Tloc           Unusable   N/A       N/A         2

Dungeon Overview and Level Annotations

Branches:
Dungeon (1/15)

Altars:


Innate Abilities, Weirdness & Mutations

You cannot be hasted, slowed, berserked, paralysed or teleported.
You can dig through walls and to a lower floor.
You have a pair of large antennae on your head. (SInv)
Your four strong arms can wield two-handed weapons with a shield.


Message History

The hobgoblin closely misses you.
You barely miss the hobgoblin.
The hobgoblin is heavily wounded.
The hobgoblin barely misses you. The gnoll barely misses you.
You hit the hobgoblin but do no damage.
The hobgoblin is heavily wounded.
The hobgoblin closely misses you. The gnoll barely misses you.
There is an open door here.
There is an open door here.
You hit the hobgoblin.
You kill the hobgoblin!
There is an open door here.
There is an open door here.
The rat bites you.
* * * LOW HITPOINT WARNING * * *
You hit the rat.
You kill the rat!
You have reached level 2!
There is an open door here.
There is an open door here.
You see here a rat corpse.
There is an open door here.
There is an open door here.
You close the door.
You open the door.
You close the door.
You close the door.
You open the door.
There is an open door here.
You close the door.
You open the door.
A gnoll opens the door.
The gnoll hits you from afar with a +0 spear.
* * * LOW HITPOINT WARNING * * *
There is an open door here.
There is an open door here.
There is an open door here.
The gnoll closely misses you.
There is a stone staircase leading down here.
The gnoll hits you from afar with a +0 spear.
You die...

#.#.##.#+#.#'#####
#+ #.#....+.#
#.....# #.
#.##.###.# #..<..#
#.
#.###.###..>..#+#.
#...#.#.#.....#.#.
#.#...#.#.....#.#.
#g#.#'#.#'###'#.#'
#.#.......'.#.....
#@#.###.###÷###.##
#......#.........#
#.##
##...#.###########
#.†. #..##.# ####
#.# #.# # #. #.# #
# #.# # #.# # #


You could see a gnoll.

Vanquished Creatures
  A ball python (D:1)
  An endoplasm (D:1)
  A hobgoblin (D:1)
  A jackal (D:1)
  A rat (D:1)
5 creatures vanquished.

Vanquished Creatures (others)
  4 plants (D:1)
4 creatures vanquished.

Grand Total: 9 creatures vanquished

Notes
Turn   | Place    | Note
-------+----------+-------------------------------------------
     0 | D:1      | Descartes the Formicid Warper began the quest for the Orb.
     0 | D:1      | Reached XP level 1. HP: 16/16 MP: 3/3
   260 | D:1      | Reached XP level 2. HP: 5/22 MP: 5/5
   315 | D:1      | Slain by a gnoll

Illustrated notes

Levels and vault maps discovered:
D:1:      shiori_arrival_maze, layout_loops_ring,
          shapermc_ecumenical_altar_venn, nicolae_grassy_gnolls

Action                   || total
-------------------------++-------
Melee: Hand axe          ||    16
Armor: Leather armour    ||     4
Dodge: Dodged            ||    14
